 Dungeon Crawl Stone Soup version 0.32-a0-918-g0f22ef8d61 (webtiles) character file.

Game seed: 3089863333361262566

12081 NormalPerson7 the Skirmisher (level 11, -20/81 HPs)
             Began as a Demonspawn Hunter on Apr 10, 2024.
             Was a High Priest of Kikubaaqudgha.
             Demolished by a death yak (27 damage)
             ... on level 1 of the Lair of Beasts.
             The game lasted 00:49:07 (12516 turns).

NormalPerson7 the Skirmisher (Demonspawn Hunter)   Turns: 12516, Time: 00:49:07

Health: -20/81     AC:  5    Str: 12    XL:     11   Next: 57%
Magic:  21/21      EV: 12    Int: 14    God:    Kikubaaqudgha [*****.]
Gold:   218        SH:  0    Dex: 16    Spells: 3/24 levels left

rFire   x . .        J - +4 orcbow (drain)
rCold   + . .        (shield currently unavailable)
rNeg    . . .        s - +0 steam dragon scales
rPois   .            (helmet unavailable)
rElec   .            (no cloak)
rCorr   +            (no gloves)
SInv    +            (no boots)
Will    .....        H - amulet of magic regeneration
Stlth   ++           G - ring of ice
HPRegen 0.33/turn    R - ring of resist corrosion
MPRegen 0.57/turn

%: no passive effects
@: unable to call your familiar
A: antennae 3, foul stench 2, powered by pain 2
a: Renounce Religion, Unearth Wretches, Torment


You were on level 1 of the Lair of Beasts.
You worshipped Kikubaaqudgha.
Kikubaaqudgha was extremely pleased with you.
You visited 3 branches of the dungeon, and saw 12 of its levels.
You also visited: Ossuary.

You collected 921 gold pieces.
You spent 703 gold pieces at shops.

Inventory:

Hand Weapons
 a - a +1 heavy shortbow
 J - a +4 orcbow of draining (weapon)
Missiles
 c - 5 javelins
 j - 7 boomerangs
 k - 2 curare-tipped darts
Armour
 h - the -1 pair of boots of the Hidden Vale {Fly rC- Str-4 Int+9}
   (You bought it in a shop on level 8 of the Dungeon)

   Str-4:     It affects your strength (-4).
   Int+9:     It affects your intelligence (+9).
   rC-:       It makes you vulnerable to cold.
   Fly:       It grants you flight.
 i - the +0 leather armour of Soupt {rF+++}
   (You bought it in a shop on level 8 of the Dungeon)

   rF+++:     It renders you almost immune to fire.
 s - +0 steam dragon scales (worn)
 y - a +1 animal skin
Magical Staves
 d - a staff of fire
Jewellery
 F - a ring of protection from fire
 G - a ring of ice (left hand)
 H - an amulet of magic regeneration (around neck)
 R - a ring of resist corrosion (right hand)
 Y - a ring of positive energy
 Z - a ring of see invisible
Wands
 w - a wand of polymorph (17)
 z - a wand of warping (10)
 E - a wand of flame (39)
 I - a wand of mindburst (6)
Scrolls
 g - 2 scrolls of amnesia
 o - a scroll of noise
 r - a scroll of silence {unknown}
 t - 2 scrolls of teleportation
 x - 2 scrolls of blinking
 A - 2 scrolls of enchant armour
 C - a scroll of torment {unknown}
Potions
 b - 3 potions of berserk rage
 e - a potion of enlightenment
 f - 2 potions of haste
 l - 5 potions of ambrosia
 m - 6 potions of might
 n - a potion of invisibility {unknown}
 p - 4 potions of lignification
 q - 3 potions of curing
 v - a potion of magic {unknown}
 B - 3 potions of mutation
 D - a potion of brilliance {unknown}


   Skills:
 - Level 5.8 Fighting
 - Level 9.4 Ranged Weapons
 - Level 4.0 Dodging
 - Level 0.8 Stealth
 + Level 7.0 Spellcasting
 - Level 6.0 Summonings
 - Level 7.0 Necromancy
 - Level 3.0 Translocations
 - Level 6.0 Fire Magic
 - Level 4.0 Evocations


You had 3 spell levels left.
You knew the following spells:

 Your Spells              Type           Power      Damage    Failure   Level
a - Fugue of the Fallen   Necr           24%        N/A       2%          3
c - Call Canine Familiar  Summ           21%        N/A       3%          3
d - Vampiric Draining     Necr           24%        2d7       2%          3
i - Call Imp              Summ           42%        N/A       1%          2
k - Martyr's Knell        Necr/Summ      23%        N/A       10%         4
u - Dispel Undead         Necr           24%        3d12      8%          4
X - Blink                 Tloc           26%        N/A       6%          2

Your spell library contained the following spells:

 Spells                   Type           Power      Damage    Failure   Level
 Necrotise                Necr           96%        1d8       1%          1
 Summon Small Mammal      Summ           84%        N/A       1%          1
 Sublimation of Blood     Necr           24%        N/A       1%          2
 Lesser Beckoning         Tloc           26%        N/A       6%          2
 Momentum Strike          Conj/Tloc      18%        3d8       12%         2
 Magic Dart               Conj           16%        1d3       14%         1
 Sigil of Binding         Hex            4%         N/A       38%         3
 Stone Arrow              Conj/Erth      8%         3d7       38%         3
 Summon Blazeheart Golem  Fire/Summ      21%        N/A       12%         4
 Anguish                  Hex/Necr       7%         N/A       32%         4
 Animate Armour           Summ/Erth      26%        N/A       38%         4
 Death Channel            Necr           12%        N/A       77%         6
 Petrify                  Alch/Erth      4%         N/A       80%         4
 Irradiate                Conj/Alch      2%         3d12      98%         5
 Sculpt Simulacrum        Ice/Alch       3%         N/A       100%        6
 Lehudib's Crystal Spear  Conj/Erth      2%         10d2      100%        8


Dungeon Overview and Level Annotations

Branches:
Dungeon (9/15)             Temple (1/1) D:7            Lair (2/5) D:8
Ossuary (visited)
  Swamp: Lair:2-3    Shoals: Lair:2-3     Snake: Lair:2-3    Spider: Lair:2-3
    Orc: D:9-12

Altars:
Ashenzari
Cheibriados
Dithmenos
Fedhas
Gozag
Hepliaklqana
Kikubaaqudgha
Makhleb
Nemelex Xobeh
Okawaru
Qazlal
Ru
Sif Muna
Trog
Uskayaw
Vehumet
Wu Jian
Xom
Yredelemnul

Shops:
D:5 ?   D:8 [

Annotations:
D:3 Grinder, Ijyb, Terence
D:8 Joseph


Innate Abilities, Weirdness & Mutations

You have a pair of large antennae on your head. (SInv)
You sometimes emit foul miasma when damaged in melee.
You sometimes gain power by taking damage.


Message History

Press: ? - help, Q - select action, (/) - cycle Shift-Dir - straight line, f/p - death yak
Aim: a death yak (grey smoke, severely wounded, covered in terrible wounds, lightly drained, 81% to hit)
You shoot an arrow. The arrow hits the death yak!
You drain the death yak.
The death yak is almost dead.
Your flayed ghost hits the death yak!
The death yak misses you. The death yak gores your flayed ghost!!
Your flayed ghost is destroyed!
The terrible wounds on the death yak's body vanish. x2
Your flayed ghost disappears in a puff of smoke!
Fire: J) +4 orcbow (drain)
Press: ? - help, Q - select action, (/) - cycle Shift-Dir - straight line, f/p - death yak
Aim: a death yak (severely wounded, lightly drained, 81% to hit)
You shoot an arrow. The arrow hits the death yak!
The death yak is almost dead.
The death yak gores you!
Fire: J) +4 orcbow (drain)
Press: ? - help, Q - select action, (/) - cycle Shift-Dir - straight line, f/p - death yak
Aim: a death yak (almost dead, lightly drained, 81% to hit)
You shoot an arrow. The arrow hits the death yak!
You drain the death yak.
The death yak is almost dead.
The death yak gores you!
* * * LOW HITPOINT WARNING * * *
Fire: J) +4 orcbow (drain)
Press: ? - help, Q - select action, (/) - cycle Shift-Dir - straight line, f/p - death yak
Aim: a death yak (almost dead, lightly drained, 81% to hit)
You shoot an arrow.
The arrow hits the death yak but does no damage.
The death yak is almost dead.
The death yak gores you.
* * * LOW HITPOINT WARNING * * *
You emit a cloud of foul miasma!
The death yak closely misses you.
Fire: J) +4 orcbow (drain)
Press: ? - help, Q - select action, (/) - cycle Shift-Dir - straight line, f/p - death yak
Aim: a death yak (foul pestilence, almost dead, lightly drained, 81% to hit)
You shoot an arrow. The arrow hits the death yak!
You kill the death yak!
Kikubaaqudgha accepts your kill. The death yak gores you!!
You die...
Kikubaaqudgha rasps: You have failed me!
Welcome... death!

#..# #...##.....#.####....
#..####...###..............
##..........................
#...........................
##...........##.............
#...#.####..###............
#...### #..# #............
#...# #§Y# #............
#...# #@.# #............
##...######.÷# #............
#P..........÷###...>......##
##........................#
#........................#
#........................#
#...#.##.#...........)...#
#....#####...#....###....#
####### #....##...# #....#


You could see a death yak.

Vanquished Creatures
  A death yak (Lair:1)
  A centaur warrior (D:7)
  Amaemon (D:8)
  A black mamba (Lair:1)
  3 cane toads (Lair:1)
  A rime drake (Lair:1)
  An orange demon (D:8)
  Maggie (D:7)
  Jeremiah (D:8)
  A komodo dragon (D:8)
  A queen bee (Lair:1)
  A troll (D:7)
  A hornet (D:9)
  2 blink frogs (Lair:1)
  2 shadows (D:9)
  A wyvern (Lair:1)
  5 yaks
  A steam dragon (D:7)
  Menkaure (D:6)
  4 water moccasins
  An orc warrior (D:8)
  An ice beast (D:5)
  A sky beast (D:7)
  5 ogres
  4 wolves (Lair:1)
  2 centaurs
  A phantom (D:7)
  A weeping skull (Ossuary)
  2 kobold brigands (D:7)
  10 bullfrogs
  2 scorpions
  5 water moccasin zombies (Ossuary)
  5 wights (D:7)
  11 killer bees (Lair:1)
  4 jellies
  2 bombardier beetles
  5 hounds
  2 orc priests
  2 iguanas
  Natasha (D:3)
  2 crocodile zombies (Ossuary)
  2 mummies (Ossuary)
  Robin (D:3)
  4 gnolls (D:4)
  4 adders
  A white imp (D:5)
  5 adder zombies (Ossuary)
  7 dart slugs
  3 ribbon worms
  15 orcs
  10 ball pythons
  4 endoplasms
  3 giant cockroaches
  15 goblins
  18 hobgoblins
  3 jackals (D:4)
  21 kobolds
  A quokka (D:1)
  12 bats
  2 frilled lizards (D:1)
  6 gnoll zombies (Ossuary)
  4 jackal zombies (Ossuary)
  5 orc zombies (Ossuary)
  6 rats
  A butterfly (D:6)
253 creatures vanquished.

Vanquished Creatures (collateral kills)
  A black mamba (Lair:1)
  A cane toad (Lair:1)
  A komodo dragon (D:8)
  2 blink frogs (Lair:1)
  A yak (Lair:2)
  A steam dragon (D:7)
  A black bear (D:8)
  3 killer bees (Lair:1)
  An iguana (D:7)
12 creatures vanquished.

Vanquished Creatures (others)
  A jelly (D:4)
  A rat (D:3)
2 creatures vanquished.

Grand Total: 267 creatures vanquished

Notes
Turn   | Place    | Note
-------+----------+-------------------------------------------
     0 | D:1      | NormalPerson7 the Demonspawn Hunter began the quest for the
                  | Orb.
     0 | D:1      | Reached XP level 1. HP: 16/16 MP: 1/1
    96 | D:1      | Reached skill level 4 in Ranged Weapons
    98 | D:1      | Gained mutation: You sometimes gain a little power by
                  | taking damage. [demonic ancestry]
    98 | D:1      | Reached XP level 2. HP: 22/22 MP: 2/2
   120 | D:1      | Found a faded altar of an unknown god.
   134 | D:1      | Prayed at the altar of an unknown god.
   134 | D:1      | Became a worshipper of Kikubaaqudgha
   134 | D:1      | Reached * piety under Kikubaaqudgha
   134 | D:1      | Received a gift from Kikubaaqudgha
   197 | D:1      | Reached skill level 1 in Necromancy
   279 | D:1      | Gained mutation: You may rarely emit foul miasma when
                  | damaged in melee. [demonic ancestry]
   279 | D:1      | Reached XP level 3. HP: 27/27 MP: 3/3
   477 | D:2      | Reached ** piety under Kikubaaqudgha
  1298 | D:3      | Reached XP level 4. HP: 28/33 MP: 4/4
  1337 | D:3      | Noticed Terence
  1487 | D:3      | Found a sparkling altar of Nemelex Xobeh.
  1562 | D:3      | Noticed Natasha
  1568 | D:3      | Learned a level 3 spell: Fugue of the Fallen
  1580 | D:3      | Noticed Grinder
  1769 | D:4      | Reached skill level 1 in Spellcasting
  1793 | D:3      | Noticed Robin
  1969 | D:4      | Gained mutation: You sometimes gain power by taking damage.
                  | [demonic ancestry]
  1969 | D:4      | Reached XP level 5. HP: 30/38 MP: 8/8
  2212 | D:4      | Found a bloodstained altar of Trog.
  2213 | D:4      | Noticed an ogre
  2468 | D:3      | Killed Robin
  2700 | D:3      | Killed Natasha
  2863 | D:3      | Noticed Ijyb
  2900 | D:4      | Gained mutation: You sometimes emit foul miasma when
                  | damaged in melee. [demonic ancestry]
  2900 | D:4      | Reached XP level 6. HP: 28/44 MP: 8/10
  2920 | D:4      | Learned a level 3 spell: Vampiric Draining
  3426 | D:4      | Found an ornate altar of the Wu Jian Council.
  3450 | D:4      | Reached skill level 5 in Necromancy
  3617 | D:4      | Reached skill level 1 in Evocations
  3756 | D:4      | Found a blossoming altar of Fedhas.
  3869 | D:5      | Entered Level 5 of the Dungeon
  3909 | D:5      | Found Itoywn's Magic Scroll Emporium.
  3916 | D:5      | Bought a scroll of blinking for 82 gold pieces
  3916 | D:5      | Bought a scroll of butterflies for 44 gold pieces
  3916 | D:5      | Bought a scroll of enchant armour for 82 gold pieces
  3930 | D:5      | Reached XP level 7. HP: 51/51 MP: 11/11
  3989 | D:5      | Reached skill level 5 in Ranged Weapons
  4063 | D:5      | Reached *** piety under Kikubaaqudgha
  4063 | D:5      | Received a gift from Kikubaaqudgha
  4369 | D:5      | Reached skill level 6 in Ranged Weapons
  4743 | D:5      | Gained mutation: You have a pair of small antennae on your
                  | head. [demonic ancestry]
  4743 | D:5      | Reached XP level 8. HP: 60/60 MP: 12/12
  4863 | D:6      | Noticed Menkaure
  4865 | D:6      | Killed Menkaure
  5177 | D:6      | Found a basalt altar of Yredelemnul.
  5218 | D:6      | Found a shimmering altar of Xom.
  5871 | D:7      | Reached skill level 7 in Ranged Weapons
  6004 | D:7      | Learned a level 4 spell: Dispel Undead
  6110 | D:7      | Noticed Maggie
  6111 | D:7      | Reached skill level 8 in Ranged Weapons
  6318 | D:7      | Found a sand-covered staircase.
  6378 | D:7      | Gained mutation: You have a pair of antennae on your head.
                  | [demonic ancestry]
  6378 | D:7      | Reached XP level 9. HP: 65/65 MP: 13/13
  6409 | Ossuary  | Entered an ossuary
  6447 | Ossuary  | Reached **** piety under Kikubaaqudgha
  6566 | Ossuary  | Learned a level 2 spell: Call Imp
  6716 | Ossuary  | Learned a level 3 spell: Call Canine Familiar
  6845 | D:7      | Found a burning altar of Makhleb.
  6853 | D:7      | Found a staircase to the Ecumenical Temple.
  6865 | Temple   | Entered the Ecumenical Temple
  6918 | D:7      | Killed Maggie
  6919 | D:7      | Reached skill level 5 in Summonings
  7359 | D:8      | Noticed Jeremiah
  7385 | D:8      | Killed Jeremiah
  7440 | D:7      | Reached skill level 5 in Spellcasting
  7527 | D:7      | Noticed a troll
  7607 | D:8      | Noticed a komodo dragon
  7695 | D:8      | Killed a komodo dragon
  7696 | D:8      | Reached skill level 5 in Fighting
  7701 | D:8      | Learned a level 4 spell: Martyr's Knell
  7820 | D:8      | Reached XP level 10. HP: 61/74 MP: 19/19
  8018 | D:8      | Found an opulent altar of Gozag.
  8056 | D:8      | Found a shimmering blue altar of Sif Muna.
  8056 | D:8      | Noticed Joseph
  8062 | D:8      | Found Xocolax's Antique Armour Shop.
  8099 | D:8      | Noticed an orange demon
  8116 | D:8      | Killed an orange demon
  8135 | D:8      | Noticed Amaemon
  8434 | D:7      | Noticed a centaur warrior
  8440 | D:7      | Killed a centaur warrior
  8691 | D:8      | Found a hide-covered altar of Uskayaw.
  8924 | D:8      | Found a staircase to the Lair.
  9005 | D:9      | Learned a level 2 spell: Blink
  9074 | D:9      | Reached skill level 1 in Translocations
  9171 | D:9      | Found a broken altar of Ashenzari.
  9252 | D:9      | Noticed a boulder beetle
  9253 | D:9      | Reached ***** piety under Kikubaaqudgha
  9269 | D:9      | Reached skill level 1 in Fire Magic
  9879 | D:8      | Killed Amaemon
 10174 | Lair:1   | Entered Level 1 of the Lair of Beasts
 10174 | Lair:1   | Noticed a cane toad
 10174 | Lair:1   | Noticed a cane toad
 10174 | Lair:1   | Noticed a black mamba
 10201 | Lair:1   | Noticed a cane toad
 10212 | Lair:1   | HP: 5/76 [cane toad (21)]
 10219 | Lair:1   | Killed a black mamba
 10220 | Lair:1   | Gained mutation: You have a pair of large antennae on your
                  | head. (SInv) [demonic ancestry]
 10220 | Lair:1   | Reached XP level 11. HP: 50/81 MP: 13/20
 10243 | Lair:1   | HP: 14/81 [rime drake/icy flash freeze (18)]
 10244 | Lair:1   | Reached skill level 9 in Ranged Weapons
 10246 | Lair:1   | Noticed a death yak
 10249 | Lair:1   | Noticed a death yak
 10249 | Lair:1   | Noticed a death yak
 10293 | Lair:1   | HP: 15/81 [black mamba (11)]
 10294 | Lair:1   | HP: 4/81 [bullfrog (7)]
 10298 | Lair:1   | Noticed a death yak
 10299 | Lair:1   | Noticed a death yak
 10783 | Lair:1   | Reached skill level 5 in Fire Magic
 11020 | Lair:1   | HP: 13/81 [bullfrog (6)]
 11293 | D:8      | Bought a pair of steaming boots for 285 gold pieces
 11293 | D:8      | Identified the -1 pair of boots of the Hidden Vale {Fly rC-
                  | Str-4 Int+9} (You bought it in a shop on level 8 of the
                  | Dungeon)
 11293 | D:8      | Bought a fine leather armour for 210 gold pieces
 11293 | D:8      | Identified the +0 leather armour of Soupt {rF+++} (You
                  | bought it in a shop on level 8 of the Dungeon)
 11891 | Lair:2   | HP: 15/81 [yak (4)]
 11909 | Lair:1   | Noticed a death yak
 12514 | Lair:1   | HP: 12/81 [death yak (11)]
 12516 | Lair:1   | Killed a death yak
 12516 | Lair:1   | Demolished by a death yak

Illustrated notes

Levels and vault maps discovered:
D:1:      pf_arrival_petrified_forest, layout_rooms,
          shapermc_ecumenical_altar_totnotflames
D:2:      layout_basic
D:3:      layout_basic, nemelex_spade_bored_becter, kennysheep_small_spiral,
          chequers_serial_rivers_micro_e, minmay_misc_feat_iff, uniq_ijyb,
          uniq_robin, uniq_natasha, uniq_terence, uniq_grinder
D:4:      kennysheep_goblin_castle, layout_basic, tso_altar,
          mainiacjoe_overflow_brackets, mainiacjoe_overflow_swirl
D:5:      layout_basic, serial_shops, nicolae_shop_advertising_works
          [nicolae_subvault_shop_adworks], hangedman_abyss_or_decor_lesser_grid,
          nicolae_sextant, supply_closet_lemuel, hangedman_glass_teeth
D:6:      layout_cave_pods, mainiacjoe_overflow_catwalk, xom_butterflies,
          uniq_menkaure
D:7:      minmay_klotski, layout_basic, makhleb_altar_promises_db,
          minmay_temple_entry_glassed_door,
          nicolae_ossuary_entry_false_entrances, uniq_maggie
D:8:      layout_loops_ring, grunt_gozag_breadcrumbs,
          nicolae_sif_muna_little_library, lemuel_round_altar,
          grunt_lair_entry_orc_guard_hut, serial_shops, shop, uniq_joseph,
          uniq_jeremiah, uniq_amaemon
D:9:      layout_loops_ring, ashenzari_conservatory_becter,
          gammafunk_ghost_spectres, minmay_misc_feat_tower
Temple:   dpeg_three_leaves_temple
Lair:1:   layout_small_grid, special_room [special_room_bee],
          chequers_serial_rivers_small_b
Lair:2:   layout_concentric_octagons, minmay_swamp_entry_worms,
          dummy_spider_entry, gauntlet_entry_generic

Skill      XL: |  1  2  3  4  5  6  7  8  9 10 11 |
---------------+----------------------------------+-----
Ranged Weapons | 4 6 8 9 |  9.4
Necromancy     | 1 3 4 5 6 7 |  7.0
Spellcasting   | 2 3 6 7 |  7.0
Evocations     | 2 3 4 |  4.0
Fighting       | 4 5 |  5.8
Summonings     | 3 6 |  6.0
Dodging        | 4 |  4.0
Translocations | 3 |  3.0
Fire Magic     | 3 6 |  6.0
Stealth        | |  0.8

Action                     |  1- 3 |  4- 6 |  7- 9 | 10-12 || total
---------------------------+-------+-------+-------+-------++-------
   Fire: Shortbow          |   123 |   247 |   256 |    57 ||   683
         Orcbow            |       |       |       |   118 ||   118
   Cast: Fugue of the Fall |       |     4 |     5 |     2 ||    11
         Vampiric Draining |       |     1 |    13 |     6 ||    20
         Dispel Undead     |       |       |     2 |       ||     2
         Call Canine Famil |       |       |     5 |    26 ||    31
         Call Imp          |       |       |     5 |    20 ||    25
         Martyr's Knell    |       |       |     1 |    16 ||    17
         Blink             |       |       |       |     4 ||     4
 Invoke: Unearth Wretches  |       |     3 |       |       ||     3
  Evoke: Wand              |       |     2 |     7 |    24 ||    33
    Use: Scroll            |       |     7 |    11 |    16 ||    34
         Potion            |       |       |       |     9 ||     9
 Armour: Leather armour    |    25 |    64 |       |       ||    89
         Animal skin       |       |    48 |    46 |       ||    94
         Steam dragon scal |       |       |    85 |   128 ||   213
  Dodge: Dodged            |    24 |   114 |   117 |    98 ||   353

Table legend: (Time is in decaauts)
 A = Elapsed time spent in this place.
 B = Non-inter-level travel time spent in this place.
 C = Inter-level travel time spent in this place.
 D = Time resting spent in this place.
 E = Time spent auto-exploring this place.
 F = Levels seen in this place.
 G = Mean time per level.
                   A        B        C        D        E       F      G
               +--------+--------+--------+--------+--------+-----+--------+
         Total |  12796 |  11590 |   1206 |   3001 |   4799 |  13 |  984.3 |
       Dungeon |  10370 |   9223 |   1147 |   2132 |   4340 |   9 | 1152.2 |
        Temple |      1 |      1 |      0 |      0 |      0 |   1 |    1.0 |
          Lair |   2014 |   1955 |     59 |    724 |    459 |   2 | 1007.0 |
       Ossuary |    409 |    409 |      0 |    144 |      0 |   1 |  409.0 |
               +--------+--------+--------+--------+--------+-----+--------+

Top non-repeatable levels by time:
  Lair:1: 1883 daAuts
     D:4: 1665 daAuts
     D:8: 1627 daAuts
     D:7: 1592 daAuts
     D:6: 1060 daAuts
     D:3: 1056 daAuts
     D:9: 1051 daAuts
     D:5: 1048 daAuts
     D:2: 772 daAuts
     D:1: 494 daAuts
 Ossuary: 409 daAuts
  Lair:2: 130 daAuts
  Temple: 1 daAuts
